AoeStats
← Orfen

Golden Pit

509647691Analyzed
1v1 RM · 6d ago on Sep 27, 2026· 31m 17s· 2 players
Game mode
Random Map
Map size
Tiny (2 player)
Population
200
Speed
Normal
Resources
Standard
Victory
Conquest
Starting age
Dark Age
Ending age
Imperial Age
RankedLock teamsTeams togetherTeam positionsShared explorationLock speedFull tech treeHidden civsTurbo modeCheats
Victory
Defeat
🇺🇦 Franks · Ukraine
837
+14
🇺🇸 Khmer · United States
783
-33
DublinOH614
8:10 Loom
13:04 Feudal Age
15:43 Bloodlines
Orfen
2:06 Loom
12:06 Feudal Age
15:18 Double-Bit Axe
17:42 Castle Age
17:08 Scale Barding Armor
18:16 Forging
28:59 Bow Saw
30:09 Fervor
30:51 Wheelbarrow
30:14 Gold Mining
30:14 Stone Mining
31:17 Stone Mining
Connection lost

Rejoining the realm…

Still unreachable

The connection could not be restored.

Session expired

The server has moved on; the page needs a fresh start.